 Dungeon Crawl Stone Soup version 0.30.0-19-g36f170ea60 (webtiles) character file.

Game seed: 7984225889916393208

133 Bamboolord the Grave Robber (level 4, 0/32 HPs)
             Began as a Demonspawn Necromancer on May 29, 2023.
             Killed from afar by an orc wizard (7 damage)
             ... with a puff of flame
             ... on level 3 of the Dungeon.
             The game lasted 00:06:28 (2810 turns).

Bamboolord the Grave Robber (DsNe)                  Turns: 2810, Time: 00:06:29

Health: 0/32       AC:  3    Str:  8    XL:     4   Next: 94%
Magic:  2/8        EV: 12    Int: 19    God:
Gold:   122        SH:  0    Dex: 13    Spells: 5/9 levels left

rFire   . . .        (no weapon)
rCold   . . .        (no shield)
rNeg    . . .        a - +0 robe
rPois   .            o - +0 helmet
rElec   .            (no cloak)
rCorr   .            (no gloves)
SInv    .            (no boots)
Will    .....        (no amulet)
Stlth   ++           j - ring of flight
HPRegen 0.25/turn    (no ring)
MPRegen 0.11/turn

%: no passive effects
@: mighty, flying
A: powered by pain 1, demonic touch 1
a: no special abilities


You were on level 3 of the Dungeon.
You visited 1 branch of the dungeon, and saw 3 of its levels.

You collected 122 gold pieces.

Inventory:

Armour
 a - a +0 robe (worn)
 o - a +0 helmet (worn)
Jewellery
 j - a ring of flight (left hand)
Scrolls
 d - a scroll of fog
 e - 2 scrolls of teleportation
 i - 2 scrolls of poison
 k - a scroll of blinking
 l - a scroll of immolation {unknown}
 m - 2 scrolls of enchant armour {unknown}
 n - a scroll of amnesia {unknown}
 q - a scroll of magic mapping {unknown}
 r - a scroll of enchant weapon {unknown}
 t - a scroll of vulnerability {unknown}
 u - a scroll of fear {unknown}
Potions
 b - a potion of magic
 c - a potion of resistance {unknown}
 f - 2 potions of haste {unknown}
 g - 3 potions of curing
 h - a potion of attraction {unknown}
 p - a potion of cancellation {unknown}
 s - a potion of flight {unknown}


   Skills:
 * Level 1.3 Fighting
 * Level 1.9 Dodging
 + Level 1.8 Stealth
 * Level 3.1 Spellcasting
 * Level 5.9 Necromancy


You had 5 spell levels left.
You knew the following spells:

 Your Spells              Type           Power      Damage    Failure   Level
a - Necrotise             Necr           100%       1d9       1%          1
b - Vampiric Draining     Necr           25%        2d7       4%          3

Your spell library contained the following spells:

 Spells                   Type           Power      Damage    Failure   Level
 Animate Dead             Necr           25%        N/A       13%         4
 Sandblast                Erth           4%         2d4       16%         1
 Passwall                 Tmut/Erth      1%         N/A       22%         2
 Agony                    Necr           25%        N/A       36%         5
 Stone Arrow              Conj/Erth      4%         3d7       41%         3


Dungeon Overview and Level Annotations

Branches:
Dungeon (3/15)

Altars:
Yredelemnul

Annotations:
D:3 Grinder


Innate Abilities, Weirdness & Mutations

You sometimes gain a little power by taking damage.
Your touch may inflict minor irresistible damage on your foes.


Message History

The orc writhes in agony!
You kill the orc!
The dead are walking!
The orc barely resists.
The orc completely misses you.
The orc writhes in agony.
The orc barely misses you. x2
The orc writhes in agony.
The orc hits you with a +0 dagger.
The orc hits you from afar with a +0 trident!
You focus on the pain.
You feel very mighty all of a sudden.
The orc writhes in agony.
You kill the orc!
The dead are walking!
The orc barely misses you. Something hits you.
The orc writhes in agony.
Something hits you but does no damage. The orc barely misses you.
The orc closely misses you.
Unknown command.
The orc barely resists.
Your orc skeleton misses the orc.
Something hits you but does no damage.
The orc hits you with a +0 flail of protection.
The orc hits you from afar with a +0 trident.
You are too injured to fight recklessly!
Unknown command.
You swap places.
Your orc skeleton closely misses the orc.
A magic dart appears from out of thin air!
The magic dart hits your orc skeleton!
The orc hits your orc skeleton with a +0 flail of protection!
Your orc skeleton is destroyed!
Your orc skeleton closely misses the orc.
A magic dart appears from out of thin air!
The magic dart hits you.
* * * LOW HITPOINT WARNING * * *
Your orc skeleton hits something but does no damage.
Your orc skeleton completely misses the orc.
There is an open door here.
You reach down and close the door.
Something unseen opens the door.
There is a stone staircase leading up here.
A puff of flame appears from out of thin air!
The puff of flame hits you!
You die...

####.#### #.##.....# #.#
#.####.[.########### #.#
#.####.............# #.#
#........#########.# #.#
######'### #.# #.# ##...## #.#
#.### ##.....## ###.# #.#.##
##...)...## ##...#
####....####....@..>{####...##
...........+.........'.......#
####....####.........####...##
#.#.## ##.......## ##.## #.###
##.....## #.# #.# ##...##
#####.#### #.# ##+##
#...oo...# #.# #.#?#Z#..# #.#
#.#.#..#


There were no monsters in sight!

Vanquished Creatures
  7 adders
  A worm (D:2)
  2 dart slugs
  3 orcs (D:3)
  5 ball pythons
  5 endoplasms
  2 giant cockroaches
  6 goblins
  8 hobgoblins
  3 jackals (D:1)
  A quokka (D:2)
  6 bats
  A frilled lizard (D:1)
  6 kobolds
  A rat (D:3)
57 creatures vanquished.

Vanquished Creatures (collateral kills)
  A goblin (D:1)
  A rat (D:2)
2 creatures vanquished.

Grand Total: 59 creatures vanquished

Notes
Turn   | Place    | Note
-------+----------+-------------------------------------------
     0 | D:1      | Bamboolord the Demonspawn Necromancer began the quest for
                  | the Orb.
     0 | D:1      | Reached XP level 1. HP: 13/13 MP: 3/3
   219 | D:1      | Gained mutation: You sometimes gain a little power by
                  | taking damage. [demonic ancestry]
   219 | D:1      | Reached XP level 2. HP: 14/19 MP: 0/5
   563 | D:1      | Reached skill level 5 in Necromancy
   807 | D:1      | Reached XP level 3. HP: 21/25 MP: 0/6
   913 | D:1      | Learned a level 3 spell: Vampiric Draining
  1697 | D:2      | Reached skill level 1 in Fighting
  1898 | D:2      | Gained mutation: Your touch may inflict minor irresistible
                  | damage on your foes. [demonic ancestry]
  1898 | D:2      | Reached XP level 4. HP: 32/32 MP: 6/8
  2326 | D:3      | Identified the +1 robe "Usholaaf" {Drain rF++}
  2361 | D:3      | Found a basalt altar of Yredelemnul.
  2679 | D:3      | Noticed Grinder
  2810 | D:3      | Killed from afar by an orc wizard

Illustrated notes

Levels and vault maps discovered:
D:1:      evilmike_arrival_rings, layout_loops_ring, serial_bayou_ford_a,
          minmay_tetromino_l4
D:2:      layout_basic, dreamdust_princess_corridor, minmay_puff
D:3:      layout_loops_corners, yredelemnul_altar_generic, uniq_grinder

Skill      XL: |  1  2  3  4 |
---------------+-------------+-----
Necromancy     | 5 |  5.9
Fighting       | 1 |  1.3
Spellcasting   | 3 |  3.1
Dodging        | |  1.9
Stealth        | |  1.8

Action                     |  1- 3 |  4- 6 || total
---------------------------+-------+-------++-------
  Melee: Unarmed           |    46 |       ||    46
         Punch             |     1 |       ||     1
   Cast: Necrotise         |    58 |    41 ||    99
    Use: Scroll            |     1 |     4 ||     5
 Armour: Robe              |    17 |     7 ||    24
  Dodge: Dodged            |    60 |    18 ||    78
